[Event "*** Titled Tuesday Blitz"]
[Site "Chess.com"]
[Date "2020.04.07"]
[Round "6"]
[White "ShahMatKanal"]
[Black "Sunnika"]
[Result "0-1"]
[WhiteElo "2561"]
[BlackElo "2372"]
[TimeControl "180+1"]
[EndTime "14:07:04 PDT"]
[Termination "Sunnika won on time"]

1. e4 Nf6 2. Nc3 d5 3. e5 Nfd7 4. e6 fxe6 5. f4 g6 6. Nf3 Bg7 7. d4 c5 8. h4 Nc6 9. h5 cxd4 10.
Ne2 Qb6 11. hxg6 hxg6 12. Rxh8+ Bxh8 13. Qd3 Nf8 14. Ng5 e5 15. fxe5 Nxe5 16. Qg3 Bf5 17. Nf4 O-O-O 18. Nd3 Nc4 19. Nf7 Qe6+ 20. Kd1 Qxf7 21.
a4 e5 22. a5 a6 23. Ra4 Ne6 24. Rb4 e4 25. Nf4 Be5 26. Qf2 Nxf4 27. Bxf4 Bg4+ 28. Be2 Bxe2+ 29. Qxe2 Qxf4 0-1

[Event "*** Titled Tuesday Blitz"]
[Site "Chess.com"]
[Date "2020.04.07"]
[Round "6"]
[White "Berant"]
[Black "skoularikii"]
[Result "1-0"]
[WhiteElo "2344"]
[BlackElo "2459"]
[TimeControl "180+1"]
[EndTime "14:07:04 PDT"]
[Termination "Berant won by resignation"]

1. e4 e5 2. d4 exd4 3. Qxd4 Nc6 4. Qe3 d6 5. Nc3 Nf6 6. Bd2 Be7 7. O-O-O O-O 8.
Bc4 a6 9. f4 b5 10. Bd5 Nxd5 11. exd5 Na5 12. b3 Re8 13. Ne4 c5 14. dxc6 d5 15.
Bc3 Ba3+ 16. Kb1 Bf5 17. Qg3 Bg6 18. f5 b4 19. Bxg7 Kxg7 20. fxg6 Rxe4 21. gxf7+ Kh8 22.
Rf1 Qe7 23. Nh3 Rf8 24. c7 Rg4 25. Qxg4 Qe5 26. Qg8+ Rxg8 27. fxg8=Q+ Kxg8 28. c8=Q+ Kg7 29. Qf8+ Kg6 30. Qg8+ Kh6 31. Qf8+ Kg6 32. Qf7+ Kh6 33. Rf6+ Qxf6 34. Qxf6+ 1-0

[Event "*** Titled Tuesday Blitz"]
[Site "Chess.com"]
[Date "2020.04.07"]
[Round "6"]
[White "drinbet"]
[Black "TheKingDoctor"]
[Result "1-0"]
[WhiteElo "2274"]
[BlackElo "2093"]
[TimeControl "180+1"]
[EndTime "14:07:04 PDT"]
[Termination "drinbet won on time"]

1. e4 e5 2. Nf3 d6 3. d4 exd4 4. Nxd4 Nf6 5. Nc3 Be7 6. Be2 O-O 7.
O-O c5 8. Nf3 Nc6 9. h3 Be6 10.
Ng5 Nd4 11. Nxe6 fxe6 12. e5 dxe5 13. Bd3 Rc8 14. b3 Nd5 15. Ne4 Nf4 16. Bc4 b5 17. c3 bxc4 18. cxd4 Qxd4 19. Qxd4 cxd4 20. bxc4 Rxc4 21.
Bxf4 Rxf4 22. f3 Rf8 23. Rfc1 Rfc8 24. Rxc4 Rxc4 25. Rb1 Rb4 26. Rxb4 Bxb4 27. Kf2 Kf7 28. Ke2 h6 29. Kd3 Ke7 30. Kc4 Ba3 31. g4 a6 32.
h4 Kd7 33. h5 Kc6 34. Nd2 Be7 35. Ne4 Ba3 36. Nf2 Be7 37. Nd3 Bd6 38. Nf2 1-0

[Event "*** Titled Tuesday Blitz"]
[Site "Chess.com"]
[Date "2020.04.07"]
[Round "6"]
[White "edgarrodrigues"]
[Black "PetrolulSah"]
[Result "1-0"]
[WhiteElo "2433"]
[BlackElo "2231"]
[TimeControl "180+1"]
[EndTime "14:07:06 PDT"]
[Termination "edgarrodrigues won by resignation"]

1. e4 e5 2. Nf3 Nc6 3. d4 exd4 4.
Nxd4 Nf6 5. Nxc6 bxc6 6. e5 Nd5 7. Bd3 Qe7 8. O-O g6 9. Nd2 Bg7 10. Nf3 O-O 11. Re1 a5 12. Bg5 Qe8 13. a3 Ba6 14. c4 Nb6 15. Rc1 a4 16. h4 Qb8 17.
h5 Re8 18. Bf6 Bxf6 19. exf6 Rxe1+ 20. Qxe1 Qd8 21. Qe5 d6 22. Qg5 Nd7 23. hxg6 hxg6 24. Bxg6 Qxf6 25. Qg4 fxg6 26. Qxd7 Rf8 27. Qxc6 Qxb2 28. Re1 Bb7 29. Qxa4 Bxf3 30. gxf3 Qd2 31. Re3 Qd4 32. Qc6 Qa1+ 33. Kg2 Qf6 34. Qxc7 Rf7 35. Qc8+ Kg7 36. Qe6 Qg5+ 37. Qg4 Qe5 38. Rxe5 1-0

[Event "*** Titled Tuesday Blitz"]
[Site "Chess.com"]
[Date "2020.04.07"]
[Round "6"]
[White "ADODOVE"]
[Black "Vadim_Biliy"]
[Result "0-1"]
[WhiteElo "1825"]
[BlackElo "2249"]
[TimeControl "180+1"]
[EndTime "14:07:07 PDT"]
[Termination "Vadim_Biliy won on time"]

1. e4 d6 2. d4 Nf6 3. Nc3 g6 4. Nf3 Bg7 5. Be2 O-O 6. O-O Nc6 7. d5 Nb8 8. Be3 c6 9. dxc6 Nxc6 10. Qd2 a6 11. a4 Re8 12. Rad1 Bd7 13. Bh6 Bh8 14. Qg5 Qa5 15. Rd5 Qb4 16. Qh4 Be6 17. Ng5 Bxd5 18. Nxd5 Nxd5 19. Nxh7 Nf6 20. Ng5 Qxb2 21. Bc4 Ne5 22.
Bxf7+ Nxf7 23. Nxf7 Kxf7 24. Bc1 Qd4 25. Re1 Bg7 26.
c3 Qxc3 27. f4 Rh8 28. Qf2 Ng4 29. Qa2+ e6 30. Bd2 Bd4+ 31. Kf1 Qd3+ 32. Re2 Rxh2 0-1

[Event "*** Titled Tuesday Blitz"]
[Site "Chess.com"]
[Date "2020.04.07"]
[Round "6"]
[White "IMUltimateBeast"]
[Black "dretch"]
[Result "1-0"]
[WhiteElo "2645"]
[BlackElo "2756"]
[TimeControl "180+1"]
[EndTime "14:07:08 PDT"]
[Termination "IMUltimateBeast won on time"]

1. d4 d5 2. Bf4 c5 3. e3 Nc6 4. c3 Nf6 5. Nd2 Bf5 6. Ngf3 Qb6 7.
Qb3 c4 8. Qxb6 axb6 9. a3 b5 10. Rc1 e6 11. h3 Be7 12. Be2 Nd7 13. Bd1 Nb6 14. Bc2 Na4 15. Bxf5 exf5 16. Rc2 h5 17.
O-O f6 18. Bh2 Kf7 19. Nh4 g6 20. f3 Kg7 21. e4 fxe4 22. fxe4 dxe4 23. Nxe4 f5 24.
Nxf5+ gxf5 25. Rxf5 Rhe8 26. Re2 Nxb2 27. Rxb2 Bxa3 28.
Re2 b4 29. d5 b3 30. Rg5+ Kh6 31. Bf4 b2 32. Rg8+ 1-0

[Event "*** Titled Tuesday Blitz"]
[Site "Chess.com"]
[Date "2020.04.07"]
[Round "6"]
[White "SanQui14"]
[Black "MaxVavulin"]
[Result "1-0"]
[WhiteElo "2324"]
[BlackElo "2396"]
[TimeControl "180+1"]
[EndTime "14:07:08 PDT"]
[Termination "SanQui14 won by resignation"]

1. d4 g6 2. c4 Bg7 3. Nc3 d6 4. e4 Nc6 5. Nf3 Bg4 6. d5 Nd4 7. Be3 Bxf3 8. gxf3 c5 9. dxc6 Nxc6 10. Be2 Nf6 11. Qd2 O-O 12. Bh6 Bxh6 13. Qxh6 Qa5 14.
Rc1 Rac8 15. b3 Nd4 16. Qd2 Nxe2 17. Kxe2 Qh5 18. Rcg1 Rc5 19. h4 h6 20. Qf4 Re5 21.
Rg3 a6 22. Kf1 b5 23. Nd5 bxc4 24.
Nxf6+ exf6 25. Qxf6 d5 26. Rhg1 Re6 27. Rxg6+ fxg6 28. Qxe6+ Kg7 29. bxc4 dxc4 30. Qxa6 c3 31. Qb7+ Rf7 32. Qc6 c2 33. Qxc2 Qxf3 34. e5 Qg3 35. Rxg3 1-0

[Event "*** Titled Tuesday Blitz"]
[Site "Chess.com"]
[Date "2020.04.07"]
[Round "6"]
[White "jncool68"]
[Black "ChesterF"]
[Result "1-0"]
[WhiteElo "2651"]
[BlackElo "2487"]
[TimeControl "180+1"]
[EndTime "14:07:09 PDT"]
[Termination "jncool68 won on time"]

1. e4 c5 2. Nf3 d6 3. d4 cxd4 4. Nxd4 Nf6 5. Nc3 a6 6. h3 e5 7.
Nde2 b5 8. Ng3 Qc7 9. Bd3 Nbd7 10. O-O Bb7 11. f4 g6 12. a3 Bg7 13. f5 O-O 14. Be3 d5 15. exd5 Bxd5 16. Bg5 Rfe8 17. fxg6 hxg6 18. Bxf6 Nxf6 19. Nxd5 Nxd5 20. Qf3 Nf4 21. Be4 Rad8 22. Ne2 f5 23. Nxf4 fxe4 24. Qb3+ Kh7 25. Ne2 Qc5+ 26. Kh1 Rd2 27. Nc3 Qe3 28. Rae1 Qg3 29.
Rg1 Rxg2 30. Rxg2 Qxe1+ 31. Kh2 e3 32. Qf7 1-0

[Event "*** Titled Tuesday Blitz"]
[Site "Chess.com"]
[Date "2020.04.07"]
[Round "6"]
[White "Semen16"]
[Black "Treacherous_horse64"]
[Result "1-0"]
[WhiteElo "2406"]
[BlackElo "2179"]
[TimeControl "180+1"]
[EndTime "14:07:09 PDT"]
[Termination "Semen16 won by resignation"]

1. e4 c6 2. Nf3 d5 3. Nc3 b5 4.
exd5 b4 5. Ne2 cxd5 6. d4 e6 7. Bf4 Bd6 8. Qd2 Nc6 9. Ng3 Nge7 10. Bd3 Qc7 11. Bxd6 Qxd6 12. O-O a5 13. Rfe1 Ba6 14. Bxa6 Rxa6 15. Qd3 Rb6 16. Nh5 O-O 17. Ng5 Ng6 18. Nf3 Nf4 19. Nxf4 Qxf4 20. Re3 Qc7 21. Ng5 g6 22.
Rh3 h5 23. Rxh5 Qf4 24. Nxe6 Qg4 25. Nxf8 gxh5 26. Nh7 Qg7 27. Re1 Qxh7 28. Re8+ Kg7 29.
Qg3+ Qg6 30. Qc7 Nxd4 31. h3 Re6 32. Rxe6 Nxe6 33. Qe5+ Qf6 34. Qxd5 Qxb2 35. Qxa5 Qxa2 36. Qxa2 1-0

[Event "*** Titled Tuesday Blitz"]
[Site "Chess.com"]
[Date "2020.04.07"]
[Round "6"]
[White "RitvarsReimanis"]
[Black "Fianchettoed-Tower"]
[Result "1-0"]
[WhiteElo "2603"]
[BlackElo "2377"]
[TimeControl "180+1"]
[EndTime "14:07:11 PDT"]
[Termination "RitvarsReimanis won by resignation"]

1. d4 Nf6 2. c4 g6 3. Nc3 d5 4. cxd5 Nxd5 5. e4 Nxc3 6. bxc3 Bg7 7. Be3 c5 8. Qd2 Qa5 9. Rc1 O-O 10. Nf3 Bg4 11. Be2 Rd8 12. d5 e6 13. c4 Nc6 14.
Qxa5 Nxa5 15. Bxc5 Rac8 16. Bb4 b6 17. Nd2 Bxe2 18. Kxe2 Nb7 19. f3 Bh6 20. Rhd1 Nd6 21. c5 bxc5 22. Rxc5 Rxc5 23. Bxc5 exd5 24. exd5 Nb7 25.
Ne4 f5 26. Be7 fxe4 27. Bxd8 exf3+ 28. Kxf3 Nxd8 29. Rb1 Kf7 30. Rb8 Ke7 31. Ra8 Bd2 32. Rxa7+ Kd6 33. Rxh7 Ba5 34. Ke4 Be1 35. g4 Bd2 36. a4 Kc5 37. h4 Kd6 38. Rg7 Kc5 39. Rxg6 Nf7 40. Rc6+ Kb4 41. g5 Kxa4 42. g6 Nh6 43. g7 Kb5 44. Rxh6 Bxh6 45. g8=Q 1-0

[Event "*** Titled Tuesday Blitz"]
[Site "Chess.com"]
[Date "2020.04.07"]
[Round "6"]
[White "FLamps8"]
[Black "BaMBoMaTTo"]
[Result "0-1"]
[WhiteElo "2526"]
[BlackElo "2737"]
[TimeControl "180+1"]
[EndTime "14:07:12 PDT"]
[Termination "BaMBoMaTTo won on time"]

1. d4 Nf6 2. Nc3 d5 3. Bg5 c5 4. Bxf6 gxf6 5. e4 dxe4 6. dxc5 f5 7. Qxd8+ Kxd8 8. O-O-O+ Bd7 9. Bc4 e6 10. g4 fxg4 11. Nxe4 Kc7 12. Ne2 Bc6 13. N2c3 f5 14.
Nf6 Bg7 15. Nh5 Bxc3 16. bxc3 Bxh1 17. Rxh1 Nd7 18. Bxe6 Nxc5 19. Bxf5 Raf8 20. Bxg4 Rxf2 21. Re1 Rd8 22. Re5 Kb6 23. h3 Rdd2 24. Bf5 Rfe2 25.
Rxe2 Rxe2 26. Nf4 Rf2 27. Nd5+ Kc6 28. c4 h6 29. Bg4 Kd6 30. Kd1 Ke5 31. Nc3 Ne4 32.
Nb5 a6 33. Nc7 Nc3+ 34. Kc1 Nxa2+ 35. Kb2 Nb4 36. Kb3 Nxc2 37. Nd5 Nd4+ 0-1

[Event "*** Titled Tuesday Blitz"]
[Site "Chess.com"]
[Date "2020.04.07"]
[Round "6"]
[White "Jbd735"]
[Black "manmanlai1"]
[Result "1-0"]
[WhiteElo "2464"]
[BlackElo "2300"]
[TimeControl "180+1"]
[EndTime "14:07:13 PDT"]
[Termination "Jbd735 won by resignation"]

1. e4 c6 2. d4 d5 3. Nc3 dxe4 4. Nxe4 Nf6 5. Nxf6+ exf6 6. c3 Bd6 7. Bd3 O-O 8. Qc2 Re8+ 9. Ne2 h5 10. Be3 Nd7 11. O-O-O Qa5 12. Kb1 b5 13. Nf4 Bxf4 14. Bxf4 Nf8 15.
Rhe1 Be6 16. a3 Rad8 17. f3 Qa6 18. h3 h4 19. Qf2 Qa4 20. Qxh4 Qb3 21. Qg3 Qa2+ 22.
Kc1 Bb3 23. Rxe8 Rxe8 24. Re1 Be6 25. Bb1 Qb3 26. Bh6 g6 27. h4 a5 28. h5 g5 29.
Bxg5 fxg5 30. Qxg5+ Kh8 31. Qf6+ Kg8 32. h6 1-0

[Event "*** Titled Tuesday Blitz"]
[Site "Chess.com"]
[Date "2020.04.07"]
[Round "6"]
[White "fireheart92"]
[Black "Elshan1985"]
[Result "1-0"]
[WhiteElo "2894"]
[BlackElo "2693"]
[TimeControl "180+1"]
[EndTime "14:07:14 PDT"]
[Termination "fireheart92 won by checkmate"]

1. d4 Nf6 2. c4 e6 3. Nc3 Bb4 4. e3 b6 5. Ne2 Ba6 6. a3 Be7 7. Ng3 O-O 8. Bd3 d5 9. cxd5 Bxd3 10. Qxd3 Nxd5 11. O-O Nxc3 12. bxc3 c5 13. Rd1 Nc6 14. Bb2 Rc8 15. c4 cxd4 16. exd4 Na5 17. Rac1 g6 18. Ne4 f5 19. Nd2 Bf6 20. Nf3 Qd7 21. h4 Rfd8 22. Qe2 Qf7 23. Ng5 Bxg5 24. hxg5 h5 25.
gxh6 Kh7 26. d5 exd5 27. cxd5 Rxc1 28. Rxc1 Nb7 29. Rc6 Nc5 30. d6 Re8 31. Rc7 Rxe2 32. Rxf7+ Kxh6 33. Bg7+ Kh5 34. Bf6 Rd2 35. Rh7+ Kg4 36.
Rh4# 1-0

[Event "*** Titled Tuesday Blitz"]
[Site "Chess.com"]
[Date "2020.04.07"]
[Round "6"]
[White "GameOverBro"]
[Black "SamuelGhimpu2003"]
[Result "0-1"]
[WhiteElo "2502"]
[BlackElo "2683"]
[TimeControl "180+1"]
[EndTime "14:07:15 PDT"]
[Termination "SamuelGhimpu2003 won by resignation"]

1. e4 e6 2. d4 d5 3. Nd2 c5 4. exd5 Qxd5 5. Ngf3 cxd4 6. Bc4 Qd7 7. Nb3 Nc6 8.
Nbxd4 Nxd4 9. Nxd4 a6 10. O-O Qc7 11. Qe2 Bd6 12. h3 Ne7 13. b3 O-O 14. Bb2 Ng6 15. a4 Bd7 16. Rad1 Rad8 17. Qe3 Rfe8 18. Rfe1 Bxa4 19. Bxe6 Bd7 20. Bxf7+ Kxf7 21. Qf3+ Kg8 22. g3 Rxe1+ 23. Rxe1 Re8 24. Qd5+ Kh8 25. Rxe8+ Bxe8 26. Ne6 Qc6 27. Bxg7+ Kg8 28. Qf5 Bd7 29. Bd4 Be7 30. Qh5 Qxe6 31. Qh6 Bf6 32. Be3 Qxh3 0-1

[Event "*** Titled Tuesday Blitz"]
[Site "Chess.com"]
[Date "2020.04.07"]
[Round "6"]
[White "poummba"]
[Black "Chesswizard_2007"]
[Result "1-0"]
[WhiteElo "2499"]
[BlackElo "2625"]
[TimeControl "180+1"]
[EndTime "14:07:15 PDT"]
[Termination "poummba won on time"]

1. e4 c5 2. Nf3 e6 3. d4 cxd4 4. Nxd4 Qc7 5. Nc3 a6 6. g3 Nf6 7. Bg2 Nc6 8. O-O Nxd4 9. Qxd4 Bc5 10. Bf4 d6 11. Qd2 O-O 12. Rad1 e5 13. Bg5 Be6 14.
Bxf6 gxf6 15. Qh6 f5 16. Qg5+ Kh8 17. Qf6+ Kg8 18. exf5 Bc4 19. Ne4 Qd8 20. Rfe1 Rc8 21. b3 Bb5 22. c4 Bc6 23. Qh6 Bxe4 24. Rxe4 f6 25. Rg4+ Kf7 26. Rg7+ Ke8 27. Bxb7 Rc7 28. Bc6+ Rxc6 29. Qh5+ 1-0

[Event "*** Titled Tuesday Blitz"]
[Site "Chess.com"]
[Date "2020.04.07"]
[Round "6"]
[White "Chessterra87"]
[Black "Rud_Makarian"]
[Result "0-1"]
[WhiteElo "2333"]
[BlackElo "2623"]
[TimeControl "180+1"]
[EndTime "14:07:16 PDT"]
[Termination "Rud_Makarian won by resignation"]

1. e4 e5 2. Bc4 Nc6 3. Nf3 Bc5 4. O-O Nf6 5. d3 d6 6. c3 a5 7. Bb3 h6 8. Nbd2 O-O 9. Nc4 Be6 10. Ne3 Qd7 11. Nd5 Bxd5 12. exd5 Ne7 13. d4 exd4 14. Nxd4 Nexd5 15. Qf3 Bxd4 16. cxd4 c6 17. Qg3 Nh5 18.
Qh4 Nhf6 19. Re1 Rfe8 20. Bd2 a4 21. Bc2 Qg4 22. Qxg4 Nxg4 23. Rxe8+ Rxe8 24. f3 Re2 25. Rd1 Nge3 26. Bxe3 Nxe3 27. Bd3 Rxg2+ 28. Kh1 Nxd1 29.
Kxg2 Nxb2 30. Bc2 b5 31. Be4 d5 32. Bf5 Nc4 33. Bd7 Na5 34. Kf2 Kf8 35. Ke3 Ke7 36. Bf5 g6 37. Bd3 f5 38. Kf4 Kf6 39. h4 g5+ 40.
hxg5+ hxg5+ 41. Ke3 Nc4+ 42. Ke2 Nd6 43. Bc2 Ne8 44.
Bd3 Ng7 45. Bc2 Ne6 46. Kf2 Nxd4 47. Bxa4 bxa4 0-1

[Event "*** Titled Tuesday Blitz"]
[Site "Chess.com"]
[Date "2020.04.07"]
[Round "6"]
[White "BeanScreen"]
[Black "poliplaza"]
[Result "1-0"]
[WhiteElo "2608"]
[BlackElo "2363"]
[TimeControl "180+1"]
[EndTime "14:07:17 PDT"]
[Termination "BeanScreen won by resignation"]

1. e4 c5 2. Nf3 e6 3. d4 cxd4 4. Bg5 Qc7 5. Nxd4 Nc6 6. Nxc6 dxc6 7. Nc3 Nf6 8. Bd3 Bd6 9. Bxf6 gxf6 10. Qf3 Be5 11.
h3 Qa5 12. O-O Ke7 13. Qe2 Bxc3 14. bxc3 Qxc3 15. f4 Bd7 16. e5 f5 17. Rab1 b6 18. Qh5 Rag8 19. Qh4+ Ke8 20. Rbd1 Rg6 21. Rf2 Rhg8 22. Rfd2 Qc5+ 23. Kh1 Qe7 24. Qxh7 c5 25.
Bxf5 R6g7 26. Rxd7 Qxd7 27. Rxd7 Kxd7 28. Qh5 exf5 29.
Qxf5+ Kc6 30. Qe4+ Kc7 31. f5 Rd8 32. e6 fxe6 33.
Qe5+ 1-0

[Event "*** Titled Tuesday Blitz"]
[Site "Chess.com"]
[Date "2020.04.07"]
[Round "6"]
[White "eldur16"]
[Black "PowerThinking2650"]
[Result "1-0"]
[WhiteElo "2547"]
[BlackElo "2353"]
[TimeControl "180+1"]
[EndTime "14:07:18 PDT"]
[Termination "eldur16 won by checkmate"]

1. e4 e5 2. Nf3 Nc6 3. Bc4 Nf6 4. d3 h6 5. O-O d6 6. c3 g6 7. b4 Bg7 8. Nbd2 O-O 9. Re1 a6 10. a4 d5 11. exd5 Nxd5 12. Ne4 Be6 13. Bd2 f5 14. Nc5 Bf7 15. Nxb7 Qc8 16. Nc5 Kh7 17. a5 e4 18.
dxe4 fxe4 19. Nxe4 Nxc3 20. Bxc3 Bxc4 21. Bxg7 Kxg7 22.
Rc1 Bb5 23. Nc5 Rf7 24. Ne6+ Kh7 25. Qd5 Qd7 26. Qe4 Re8 27. Neg5+ hxg5 28. Nxg5+ Kg7 29.
Qxe8 Qxe8 30. Rxe8 Nxb4 31. Rc8 Rf5 32. R8xc7+ Kf6 33. Ne4+ Ke5 34. f3 Kd4 35. Rg7 Nd3 36. Rd1 Ke3 37.
Re7 Ke2 38. Nc3# 1-0

[Event "*** Titled Tuesday Blitz"]
[Site "Chess.com"]
[Date "2020.04.07"]
[Round "6"]
[White "TwentyHoursADay"]
[Black "yarosavich"]
[Result "0-1"]
[WhiteElo "2506"]
[BlackElo "2733"]
[TimeControl "180+1"]
[EndTime "14:07:19 PDT"]
[Termination "yarosavich won by resignation"]

1. c4 c5 2. g3 Nc6 3. Bg2 g6 4. Nc3 Bg7 5. Nf3 e5 6. a3 d6 7. Rb1 Nge7 8. b4 O-O 9. O-O f5 10.
Ne1 Be6 11. bxc5 dxc5 12. Rxb7 e4 13. Na4 Qd6 14. d3 Na5 15. Rb5 Nxc4 16. Nxc5 Bf7 17.
Bf4 Qd8 18. Qc1 Nd6 19. Nb7 Nxb7 20. Rxb7 Nd5 21. Bg5 Qa5 22. dxe4 Nc3 23. Kh1 fxe4 24. Bd2 Qd5 25. Rb4 Na2 26. Qc2 Rac8 27. Bxe4 Rxc2 28.
Bxd5 Bxd5+ 29. e4 Rxd2 30. exd5 Nxb4 0-1

[Event "*** Titled Tuesday Blitz"]
[Site "Chess.com"]
[Date "2020.04.07"]
[Round "6"]
[White "TastyFrenchFries"]
[Black "Mizner"]
[Result "0-1"]
[WhiteElo "2411"]
[BlackElo "2554"]
[TimeControl "180+1"]
[EndTime "14:07:19 PDT"]
[Termination "Mizner won by resignation"]

1. e4 e6 2. d4 d5 3. e5 c5 4. c3 Nc6 5. Nf3 Qb6 6. a3 f6 7. exf6 Nxf6 8. Be2 Bd6 9. O-O O-O 10. dxc5 Bxc5 11.
b4 Bd6 12. Be3 Qc7 13. h3 e5 14. Qb3 Kh8 15. Rd1 Be6 16. Qb2 Bg8 17. Nbd2 Rae8 18. Nb3 e4 19. Nfd4 Bh2+ 20. Kh1 Bf4 21. Qd2 g5 22. Nxc6 bxc6 23. g3 Bxe3 24. Qxe3 h6 25. Nc5 Nd7 26. Kg1 Ne5 27. c4 Nf3+ 28. Kg2 Qe5 29.
Rac1 Re7 30. cxd5 cxd5 31. Nb3 Qf6 32. Nd4 Ne5 33. Rf1 Nf3 34. Rc6 Qxd4 35. Qxd4+ Nxd4 36. Rxh6+ Kg7 37. Ra6 Nxe2 38. Rd1 0-1

[Event "*** Titled Tuesday Blitz"]
[Site "Chess.com"]
[Date "2020.04.07"]
[Round "6"]
[White "Blitzking642"]
[Black "CakeinSpace2002"]
[Result "1-0"]
[WhiteElo "2405"]
[BlackElo "2178"]
[TimeControl "180+1"]
[EndTime "14:07:19 PDT"]
[Termination "Blitzking642 won by resignation"]

1. d4 g6 2. e4 Bg7 3. Nc3 c6 4.
Bc4 d6 5. Nf3 b5 6. Bb3 Nf6 7. a3 O-O 8. O-O a6 9. h3 Bb7 10. Re1 e5 11. dxe5 dxe5 12. Qxd8 Rxd8 13. Nxe5 Rf8 14. Nf3 Nfd7 15. Be3 c5 16. Bd5 Bxd5 17.
exd5 Rc8 18. Rab1 Nb6 19. Red1 N8d7 20. Ne4 Nc4 21. Bc1 Re8 22. Ned2 Ncb6 23. Nf1 a5 24.
Bf4 Nc4 25. Bc1 b4 26. a4 Ncb6 27. b3 c4 28. Be3 Rac8 29. d6 cxb3 30. cxb3 Rc6 31.
Bf4 Rec8 32. Ne3 h6 33. h4 Rc3 34. Nd5 Nxd5 35. Rxd5 Rc2 36. Rxa5 Ra2 37. Ra7 Nc5 38.
d7 Rd8 39. Rd1 Nxb3 40. Bc7 Bf6 41. Bxd8 Bxd8 42. Ra8 Kg7 43. Rxd8 Rxa4 44. Rb8 1-0

[Event "*** Titled Tuesday Blitz"]
[Site "Chess.com"]
[Date "2020.04.07"]
[Round "6"]
[White "nihalsarin"]
[Black "Zavgorodniy_Serg"]
[Result "1/2-1/2"]
[WhiteElo "3076"]
[BlackElo "2708"]
[TimeControl "180+1"]
[EndTime "14:07:20 PDT"]
[Termination "Game drawn by repetition"]

1. e4 e5 2. Nf3 d6 3. d4 exd4 4. Nxd4 Nf6 5. Nc3 Be7 6. g3 O-O 7. Bg2 Re8 8. O-O c6 9. h3 Bf8 10. b3 a5 11. a4 Na6 12. Bb2 Nb4 13. Qd2 d5 14. exd5 cxd5 15. Rfe1 Bd7 16. Rxe8 Bxe8 17. Re1 Rc8 18. Ncb5 Bd7 19. c3 Nc6 20. Ne2 Bc5 21. Nf4 Ne4 22. Bxe4 dxe4 23. Rxe4 Bf5 24. Re2 Qg5 25.
Kh2 h5 26. h4 Qg4 27. Kg2 Rd8 28. Qe1 Rd3 29. Nxd3 Qh3+ 30. Kf3 Qg4+ 31. Kg2 Qh3+ 32.
Kf3 Qg4+ 33. Kg2 1/2-1/2

[Event "*** Titled Tuesday Blitz"]
[Site "Chess.com"]
[Date "2020.04.07"]
[Round "6"]
[White "Rodalquilar"]
[Black "Jeffinho023"]
[Result "1-0"]
[WhiteElo "2624"]
[BlackElo "2452"]
[TimeControl "180+1"]
[EndTime "14:07:22 PDT"]
[Termination "Rodalquilar won by checkmate"]

1. d4 d5 2. Bf4 Nf6 3. e3 e6 4.
Nf3 Bd6 5. Bg3 O-O 6. c4 c5 7.
Nc3 cxd4 8. Nxd4 Nc6 9. cxd5 exd5 10. Be2 Re8 11. O-O a6 12. Rc1 Ne5 13. Bh4 Ng6 14.
Bxf6 gxf6 15. Bf3 Be6 16. Qb3 Ne7 17. Rfd1 b5 18. g3 Be5 19. Nce2 Rc8 20. Nf4 Qb6 21. Rxc8 Rxc8 22. Qd3 Rc4 23. b3 Rc8 24. Kg2 Qd6 25. h3 Ng6 26. Nfe2 Qc7 27. Bg4 Bxg4 28. hxg4 Qb7 29.
Nf5 d4+ 30. e4 Ne7 31. Nexd4 Nxf5 32. Nxf5 Re8 33. f3 Rc8 34. Rd2 Rd8 35. Qxd8# 1-0

[Event "*** Titled Tuesday Blitz"]
[Site "Chess.com"]
[Date "2020.04.07"]
[Round "6"]
[White "albi1999"]
[Black "THORK"]
[Result "0-1"]
[WhiteElo "2582"]
[BlackElo "2359"]
[TimeControl "180+1"]
[EndTime "14:07:22 PDT"]
[Termination "THORK won by resignation"]

1. d4 g6 2. c4 Bg7 3. e4 Nc6 4. Ne2 e5 5. d5 Nd4 6. Be3 c5 7.
dxc6 dxc6 8. Nbc3 Be6 9. b3 Ne7 10. Qd2 O-O 11. Rd1 c5 12. Bh6 Bxh6 13. Qb2 Bg7 14. Ng3 a6 15. Bd3 b5 16. O-O b4 17. Nd5 Nec6 18. Ne2 Nxe2+ 19. Bxe2 Nd4 20. h3 f5 21. exf5 gxf5 22. Rfe1 Ra7 23. Bf1 e4 24. Qc1 Raf7 25. Nf4 Bc8 26. Re3 Qc7 27. Rg3 Kh8 28. Nd5 Qe5 29. h4 Ne6 30. Re1 f4 31. Rd3 Nd4 32.
Rdd1 Bh6 33. Bd3 Bf5 34. Qb1 Re8 35. Bxe4 Bxe4 36. f3 Qf5 37. Rxe4 Rxe4 38. fxe4 Qg4 39. Qd3 f3 0-1

[Event "*** Titled Tuesday Blitz"]
[Site "Chess.com"]
[Date "2020.04.07"]
[Round "6"]
[White "Leonid_Starozhilov"]
[Black "marianokar"]
[Result "1-0"]
[WhiteElo "2662"]
[BlackElo "2365"]
[TimeControl "180+1"]
[EndTime "14:07:22 PDT"]
[Termination "Leonid_Starozhilov won by resignation"]

1. b3 d5 2. Bb2 e6 3. Nf3 Nf6 4. c4 Bd6 5. g3 O-O 6. Bg2 c5 7.
cxd5 exd5 8. d4 cxd4 9. O-O Re8 10. Nxd4 Nc6 11. Nd2 Bg4 12. N2f3 Ne4 13. Rc1 Rc8 14. Nxc6 bxc6 15. Qd4 f6 16. Rxc6 Rxc6 17. Qxd5+ Kh8 18.
Qxc6 Bc5 19. Ne5 fxe5 20. Qxe4 Qd7 21. Bf3 Bf5 22. Qd5 e4 23. Qxd7 Bxd7 24. Bh5 Bb5 25.
Bxe8 1-0

[Event "*** Titled Tuesday Blitz"]
[Site "Chess.com"]
[Date "2020.04.07"]
[Round "6"]
[White "HiHaruka"]
[Black "MixMasterChess"]
[Result "1-0"]
[WhiteElo "2279"]
[BlackElo "2107"]
[TimeControl "180+1"]
[EndTime "14:07:22 PDT"]
[Termination "HiHaruka won on time"]

1. d4 d5 2. c4 c6 3. Nf3 Nf6 4. g3 dxc4 5. Bg2 g6 6. O-O Bg7 7. Ne5 Ng4 8. Nf3 O-O 9. e3 Nd7 10. Nfd2 Nb6 11. Na3 Be6 12. Re1 Nh6 13. Qc2 Bd5 14.
Naxc4 Bxg2 15. Kxg2 Qd5+ 16. f3 Nf5 17. b3 c5 18. Bb2 cxd4 19. e4 d3 20. Qc1 Bxb2 21.
Qxb2 Nxc4 22. Nxc4 Nh4+ 23. gxh4 Qh5 24. Qf2 b5 25.
Ne3 Rfd8 26. Nd5 e6 27. Nf6+ 1-0

[Event "*** Titled Tuesday Blitz"]
[Site "Chess.com"]
[Date "2020.04.07"]
[Round "6"]
[White "Ba_clbaf_osed_ingo_3v21"]
[Black "sergoy"]
[Result "1-0"]
[WhiteElo "2686"]
[BlackElo "2853"]
[TimeControl "180+1"]
[EndTime "14:07:23 PDT"]
[Termination "Ba_clbaf_osed_ingo_3v21 won by resignation"]

1. Nf3 d5 2. c4 d4 3. b4 c5 4. e3 dxe3 5. fxe3 cxb4 6. d4 Nf6 7. Bd3 Bg4 8. O-O e6 9. a3 Nc6 10. axb4 Nxb4 11. Be2 Be7 12. Nc3 O-O 13. h3 Bh5 14.
e4 Nd7 15. Be3 Bxf3 16. Bxf3 e5 17. Nd5 exd4 18. Bxd4 Bc5 19. Bxc5 Nxc5 20. Nxb4 Qg5 21. Nd5 a5 22. Qc2 a4 23. Ra3 Nb3 24. Qc3 Rfc8 25.
Bd1 Nd2 26. Rf5 Qh6 27. Ne7+ Kh8 28. Nxc8 Rxc8 29. Rxa4 Qb6+ 30. c5 Qh6 31. Rd4 Nb1 32. Qd3 Rg8 33. Rd8 1-0

[Event "*** Titled Tuesday Blitz"]
[Site "Chess.com"]
[Date "2020.04.07"]
[Round "6"]
[White "hedgehog280"]
[Black "sergiochess83"]
[Result "0-1"]
[WhiteElo "2643"]
[BlackElo "2835"]
[TimeControl "180+1"]
[EndTime "14:07:23 PDT"]
[Termination "sergiochess83 won by resignation"]

1. c4 e5 2. Nc3 Nf6 3. Nf3 Nc6 4. e4 Bb4 5. d3 d6 6. a3 Bc5 7.
b4 Bb6 8. Na4 Bd4 9. Nxd4 Nxd4 10.
Nc3 a5 11. Be3 axb4 12. Bxd4 exd4 13. Nb5 c6 14. Nxd4 Qb6 15. Nc2 b3 16. Ne3 Rxa3 17. Rxa3 Qb4+ 18. Qd2 Qxa3 19. Be2 Qa1+ 20. Nd1 O-O 21.
O-O Bg4 22. f3 Be6 23. Nc3 Qa7+ 24. Kh1 Qd4 25. Qb2 b5 26. Qxb3 Nd7 27. Qc2 b4 28. Na2 Rb8 29. Nc1 Nc5 30. Nb3 Nxb3 31. Qxb3 c5 32. f4 Ra8 33. f5 Bd7 34. f6 Ra1 35. fxg7 Ba4 0-1